 Dungeon Crawl Stone Soup version 0.31-a0-1321-g5021b54cb2 (webtiles) character file.

Game seed: 10803230973191745476

15 pokeman the Magician (level 2, -2/16 HPs)
             Began as a Deep Elf Hedge Wizard on Dec 20, 2023.
             Slain by a hobgoblin (4 damage)
             ... on level 2 of the Dungeon.
             The game lasted 00:01:02 (764 turns).

pokeman the Magician (Deep Elf Hedge Wizard)         Turns: 764, Time: 00:01:03

Health: -2/16      AC:  2    Str:  7    XL:     2   Next: 34%
Magic:  0/9        EV: 12    Int: 18    God:
Gold:   50         SH:  0    Dex: 14    Spells: 9/10 levels left

rFire   . . .        a - +0 dagger
rCold   . . .        (no shield)
rNeg    . . .        b - +0 robe
rPois   .            c - +0 hat
rElec   .            (no cloak)
rCorr   .            (no gloves)
SInv    .            (no boots)
Will    .....        (no amulet)
Stlth   ++           (no ring)
HPRegen 0.22/turn    (no ring)
MPRegen 0.11/turn

%: no passive effects
@: no status effects
A: no striking features
a: no special abilities


You were on level 2 of the Dungeon.
You visited 1 branch of the dungeon, and saw 2 of its levels.

You collected 50 gold pieces.

Inventory:

Hand Weapons
 a - a +0 dagger (weapon)
Armour
 b - a +0 robe (worn)
 c - a +0 hat (worn)
 i - a +0 cloak
Magical Staves
 e - a staff of fire
Scrolls
 f - a scroll of identify {unknown}
Potions
 d - a potion of magic
 g - a potion of curing {unknown}
 h - a potion of enlightenment {unknown}


   Skills:
 + Level 0.4 Fighting
 + Level 0.4 Armour
 - Level 2.4 Dodging
 - Level 2.4 Stealth
 * Level 4.8 Spellcasting
 + Level 1.5 Conjurations
 - Level 1.1 Summonings
 - Level 1.1 Translocations


You had 9 spell levels left.
You knew the following spells:

 Your Spells              Type           Power      Damage    Failure   Level
a - Magic Dart            Conj           36%        1d4       8%          1

Your spell library contained the following spells:

 Spells                   Type           Power      Damage    Failure   Level
 Blink                    Tloc           16%        N/A       13%         2
 Call Imp                 Summ           16%        N/A       13%         2
 Necrotise                Necr           16%        1d4       14%         1
 Slow                     Hex            16%        N/A       14%         1
 Cigotuvi's Dreadful Rot  Necr/Alch/Air  8%         N/A       21%         2
 Mephitic Cloud           Conj/Alch/Air  6%         N/A       32%         3
 Vampiric Draining        Necr           4%         2d6       38%         3
 Agony                    Necr           4%         N/A       98%         5


Dungeon Overview and Level Annotations

Branches:
Dungeon (2/15)

Altars:


Message History

Confirm with . or Enter, or press ? or * to list all spells.
Aiming: Magic Dart (safe; 8% risk of failure)
Press: ? - help, Shift-Dir - straight line, f/p - quokka
Aim: a quokka (moderately wounded, 100% to hit)
The magic dart hits the quokka.
The quokka is heavily wounded.
The quokka closely misses you.
The hobgoblin hits you but does no damage.
Casting: Magic Dart (safe; 8% risk of failure)
Confirm with . or Enter, or press ? or * to list all spells.
Aiming: Magic Dart (safe; 8% risk of failure)
Press: ? - help, Shift-Dir - straight line, f/p - quokka
Aim: a quokka (heavily wounded, 100% to hit)
The magic dart hits the quokka.
You kill the quokka!
The hobgoblin barely misses you.
Unknown command.
Casting: Magic Dart (safe; 8% risk of failure)
Confirm with . or Enter, or press ? or * to list all spells.
Aiming: Magic Dart (safe; 8% risk of failure)
Press: ? - help, Shift-Dir - straight line, f - hobgoblin
Aim: a hobgoblin (100% to hit)
The magic dart hits the hobgoblin.
The hobgoblin is moderately wounded.
The hobgoblin barely misses you.
Your magical contamination has completely faded away.
You hit the hobgoblin.
The hobgoblin is heavily wounded.
The hobgoblin hits you but does no damage.
You completely miss the hobgoblin.
The hobgoblin is heavily wounded.
The hobgoblin hits you.
* * * LOW HITPOINT WARNING * * *
The hobgoblin attacks as it pursues you!
The hobgoblin closely misses you.
The hobgoblin hits you but does no damage.
You hit the hobgoblin.
The hobgoblin is heavily wounded.
The hobgoblin hits you.
You die...

#..#...###.....#
#..#.#.........# #
#..#.####......#
..##..#.# #......#
....#.# ##.....###
.###.##.# #.......#
.....<#'### #......##
###....<..# #......##
#.......###...@...#
#.............g...##
##....#......†.....#
####.#....%.....#.....
#.#..........###..#
..#..........# ..#
##..........# #
...........
...........[


You could see a hobgoblin.

Vanquished Creatures
  A ball python (D:1)
  3 bats (D:1)
  2 endoplasms
  A giant cockroach (D:1)
  3 quokkas (D:2)
  A frilled lizard (D:1)
  3 kobolds (D:1)
14 creatures vanquished.

Notes
Turn   | Place    | Note
-------+----------+-------------------------------------------
     0 | D:1      | pokeman the Deep Elf Hedge Wizard began the quest for the
                  | Orb.
     0 | D:1      | Reached XP level 1. HP: 10/10 MP: 7/7
   339 | D:1      | Reached XP level 2. HP: 15/15 MP: 7/9
   764 | D:2      | Slain by a hobgoblin

Illustrated notes

Levels and vault maps discovered:
D:1:      ncdulo_wetmaze, layout_rooms
D:2:      layout_basic, dreamdust_ecumenical_altar_angels_and_demons,
          kennysheep_generic_room_3

Action                     || total
---------------------------++-------
  Melee: Dagger            ||    10
         Punch             ||     1
   Cast: Magic Dart        ||    42
 Armour: Robe              ||    20
  Dodge: Dodged            ||    25

Table legend: (Time is in decaauts)
 A = Elapsed time spent in this place.
 B = Non-inter-level travel time spent in this place.
 C = Inter-level travel time spent in this place.
 D = Time resting spent in this place.
 E = Time spent auto-exploring this place.
 F = Levels seen in this place.
 G = Mean time per level.
                   A        B        C        D        E       F      G
               +--------+--------+--------+--------+--------+-----+--------+
         Total |    767 |    752 |     15 |     33 |    615 |   2 |  383.5 |
       Dungeon |    767 |    752 |     15 |     33 |    615 |   2 |  383.5 |
               +--------+--------+--------+--------+--------+-----+--------+

Top non-repeatable levels by time:
     D:1: 589 daAuts
     D:2: 177 daAuts
